 Dungeon Crawl Stone Soup version bcrawl-1.19.2-6-g6a88ae04c9 (webtiles) character file.

Game seed: 17591129946974084892

385 Mrkan the Cudgeler (level 6, -1/40 HPs)
             Began as a Gargoyle Fighter on Jan 14, 2020.
             Was an Initiate of Ashenzari.
             Slain by a killer bee (3 damage)
             ... on level 4 of the Dungeon.
             The game lasted 00:03:56 (2684 turns).

Mrkan the Cudgeler (Gargoyle Fighter)               Turns: 2684, Time: 00:03:57

Health: -1/40      AC: 13    Str: 20    XL:     6   Next: 77%
Magic:  6/6        EV:  5    Int:  8    God:    Ashenzari [......]
Gold:   230        SH:  9    Dex: 11    Spells: 5/5 levels left

rFire    . . .     SeeInvis .   k - +1 whip (flame) (curse)
rCold    . . .     Gourm    .   c - +0 shield (curse)
rNeg     + . .     Faith    .   q - +0 chain mail
rPois    ∞         Spirit   .   (no helmet)
rElec    +         Reflect  .   (no cloak)
rCorr    .         Harm     .   (no gloves)
MR       .....                  (no boots)
Stlth    ..........             (no amulet)
HPRegen  0.13/turn              (no ring)
MPRegen  0.10/turn              (no ring)

@: no status effects
A: negative energy resistance 1, electricity resistance, unbreathing,
petrification resistance, rot immunity, AC +4
a: Curse Item, Renounce Religion


You were on level 4 of the Dungeon.
You worshipped Ashenzari.
Ashenzari was noncommittal.
You were not hungry.

You visited 1 branch of the dungeon, and saw 4 of its levels.

You collected 230 gold pieces.

Inventory:

Hand Weapons
 a - a +0 flail
 k - a cursed +1 whip of flaming (weapon)
Armour
 c - a cursed +0 shield (worn)
 q - a +0 chain mail (worn)
Jewellery
 w - an uncursed ring of ice
 y - an uncursed amulet of the gourmand
Wands
 l - a wand of digging (10)
Scrolls
 b - a scroll of magic mapping {unknown}
 g - 3 scrolls of remove curse {unknown}
 h - a scroll of enchant weapon {unknown}
 i - a scroll of identify {unknown}
 j - a scroll of blinking {unknown}
 m - a scroll of amnesia {unknown}
 o - 2 scrolls of noise {unknown}
 p - a scroll of fear {unknown}
 t - 2 scrolls of enchant armour {unknown}
Potions
 d - 3 potions of might
 e - a potion of flight {unknown}
 n - a potion of heal wounds {unknown}
 r - a potion of curing {unknown}
 s - a potion of berserk rage {unknown}
 u - a potion of agility {unknown}
 v - a potion of brilliance {unknown}
 x - a potion of lignification {unknown}
Comestibles
 f - 8 rations {!d}


   Skills:
 + Level 5.3 Fighting
 * Level 5.8 Maces & Flails
 - Level 3.2 Armour
 - Level 3.2 Shields


You had 5 spell levels left.
You didn't know any spells.
Your spell library contained the following spells:

 Spells                   Type           Power        Failure   Level  Hunger
 Magic Dart               Conj           #...         100%        1    ##.....


Dungeon Overview and Level Annotations

Branches:
Dungeon (4/12)
 Temple: D:4-7

Altars:
Ashenzari
Elyvilon
Gozag
Kikubaaqudgha
Sif Muna
Vehumet


Innate Abilities, Weirdness & Mutations

You are resistant to torment.
Your stone body is resilient. (AC +4)
You are immune to poison.
You resist negative energy. (rN+)
You are resistant to electric shocks. (rElec)
You can survive without breathing.
You are immune to petrification.
You are immune to rotting.


Message History

You block the killer bee's attack.
The killer bee stings you but does no damage.
You block the killer bee's attack. x2
The killer bee stings you but does no damage. x2
You closely miss the killer bee. The killer bee stings you.
* * * LOW HITPOINT WARNING * * *
The killer bee barely misses you. You block the killer bee's attack.
The killer bee stings you.
* * * LOW HITPOINT WARNING * * *
The killer bee stings you but does no damage. x2
You hit the killer bee. You burn the killer bee.
The killer bee is moderately wounded.
The killer bee stings you but does no damage.
You block the killer bee's attack. The killer bee stings you.
* * * LOW HITPOINT WARNING * * *
The killer bee stings you but does no damage.
You closely miss the killer bee.
The killer bee is moderately wounded.
The killer bee stings you.
You die...

........# ##....
.......#.# ##.....
#........###......
!.#........'......
#.#......###......
#.##...#.####.....
#.........# ##....
#yy...##..# ##...
#@##......######+#
#y##............
#y##.#.#.#.#.#.#
#hy.y..........
###....⌠.....⌠..
#......._.....
##...⌠.....⌠..
#............
#.#.#.#.#.#.


You could see 5 killer bees and a jackal.

Vanquished Creatures
  A sky beast (D:4)
  An ogre (D:3)
  A killer bee (D:4)
  A bullfrog skeleton (D:2)
  A killer bee zombie (D:3)
  4 adders
  An ooze (D:4)
  2 worms
  4 dart slugs
  6 leopard geckos
  4 bats
  3 giant cockroaches
  4 goblins
  10 hobgoblins
  8 jackals
  7 kobolds
  2 quokkas
  A frilled lizard (D:1)
  12 rats
73 creatures vanquished.

Notes
Turn   | Place    | Note
-------+----------+-------------------------------------------
     0 | D:1      | Mrkan the Gargoyle Fighter began the quest for the Orb.
     0 | D:1      | Reached XP level 1. HP: 14/14 MP: 1/1
    93 | D:1      | Reached XP level 2. HP: 17/19 MP: 2/2
   561 | D:1      | Reached XP level 3. HP: 22/24 MP: 3/3
  1208 | D:2      | Reached XP level 4. HP: 29/29 MP: 4/4
  1682 | D:3      | Found a shattered altar of Ashenzari.
  1698 | D:3      | Became a worshipper of Ashenzari the Shackled
  1724 | D:3      | Reached XP level 5. HP: 32/34 MP: 5/5
  1944 | D:3      | Found a radiant altar of Vehumet.
  1946 | D:3      | Identified Vehumet's Grimoire of Attacks
  1949 | D:3      | Found an ancient bone altar of Kikubaaqudgha.
  1950 | D:3      | Found a shimmering blue altar of Sif Muna.
  2043 | D:3      | Noticed an ogre
  2054 | D:3      | Killed an ogre
  2054 | D:3      | Reached skill level 5 in Maces & Flails
  2054 | D:3      | Reached XP level 6. HP: 22/40 MP: 6/6
  2351 | D:3      | Found an opulent altar of Gozag.
  2397 | D:4      | Found a white marble altar of Elyvilon.
  2484 | D:4      | Noticed a sky beast
  2521 | D:4      | Killed a sky beast
  2521 | D:4      | Reached skill level 5 in Fighting
  2651 | D:4      | Found a white marble altar of Elyvilon.
  2683 | D:4      | HP: 1/40 [killer bee (4)]
  2684 | D:4      | Slain by a killer bee

Skill      XL: |  1  2  3  4  5  6 |
---------------+-------------------+-----
Maces & Flails | 3 4 5 |  5.8
Fighting       | 4 5 |  5.3
Armour         | |  3.2
Shields        | |  3.2

Action                   |  1- 3 |  4- 6 || total
-------------------------+-------+-------++-------
Melee: Flail             |    73 |       ||    73
       Whip              |    31 |   193 ||   224
Invok: Curse Item        |       |     2 ||     2
  Eat: Chunk             |     1 |     5 ||     6
Armor: Scale mail        |    50 |       ||    50
       Chain mail        |     9 |   101 ||   110
Dodge: Dodged            |    29 |    41 ||    70
Block: Shield            |    69 |   103 ||   172
